 Dungeon Crawl Stone Soup version 0.18.1-50-g88ac8fd (webtiles) character file.

1293 raph the Slicer (level 8, -4/48 HPs)
             Began as a Kobold Hunter on Oct 25, 2016.
             Slain by Edmund
             ... wielding a +0 dire flail
              (9 damage)
             ... on level 4 of the Dungeon.
             The game lasted 00:14:49 (7616 turns).

raph the Slicer (Kobold Hunter)                     Turns: 7616, Time: 00:14:50

Health: -4/48      AC:  7    Str: 16    XL:     8   Next: 86%
Magic:  8/8        EV: 18    Int:  9    God:
Gold:   135        SH:  0    Dex: 18    Spells: 0 memorised, 7 levels left

rFire  . . .     SeeInvis +     E - +0 dagger (curse)
rCold  . . .     Gourm    .     n - +0 robe (curse)
rNeg   . . .     Faith    .     (shield restricted)
rPois  .         Spirit   .     (no helmet)
rElec  .         Dismiss  .     x - +3 cloak of Minor Irritation {Regen+}
rCorr  .         Reflect  .     w - +0 pair of gloves
SustAt .         Harm     .     (no boots)
MR     .....                    (no amulet)
Stlth  ++++......               q - ring of stealth
                                t - ring of see invisible

@: mighty, very slightly contaminated, not resistant to hostile enchantments,
stealthy
A: carnivore 3
a: no special abilities


You were on level 4 of the Dungeon.
You were very full.

You visited 1 branch of the dungeon, and saw 5 of its levels.

You collected 135 gold pieces.

Inventory:

Hand Weapons
 a - a +1 hand crossbow
 b - a +1 short sword
 E - a cursed +0 dagger (weapon)
Missiles
 d - 35 bolts
Armour
 c - a +0 leather armour
 n - a cursed +0 robe (worn)
 s - a +2 cloak
 w - a +0 pair of gloves (worn)
 x - the +3 cloak of Minor Irritation (worn) {Regen+}
   (You found it on level 5 of the Dungeon)

   It increases your rate of regeneration.
 y - a +0 troll leather armour {Purgy}
Jewellery
 m - an uncursed ring of protection from cold
 q - a ring of stealth (right hand)
 t - a ring of see invisible (left hand)
 u - an uncursed ring of protection from magic
Wands
 r - a wand of flame (46/48)
 B - a wand of hasting (4/9)
Scrolls
 e - a scroll of fog
 h - a scroll of teleportation
 z - a scroll of enchant armour
 C - 2 scrolls of enchant weapon
Potions
 g - 2 potions of magic
 p - a potion of resistance
 v - a potion of haste {unknown}
Books
 j - a Fen Folio

   Spells                             Type                      Level
   a - Corpse Rot                     Necromancy                   2
   b - Stone Arrow                    Conjuration/Earth            3
   c - Leda's Liquefaction            Hexes/Earth                  4
   d - Summon Forest                  Summoning/Translocation      5
   e - Hydra Form                     Transmutation                6
   f - Summon Hydra                   Summoning                    7
 o - a book of Misfortune

   Spells                             Type                      Level
   a - Confusing Touch                Hexes                        2
   b - Confuse                        Hexes                        3
   c - Gell's Gravitas                Hexes/Translocation          3
   d - Petrify                        Transmutation/Earth          4
   e - Metabolic Englaciation         Hexes/Ice                    5
   f - Yara's Violent Unravelling     Hexes/Transmutation          5
 A - a book of Transfigurations

   Spells                             Type                      Level
   a - Irradiate                      Conjuration/Transmutation    5
   b - Statue Form                    Transmutation/Earth          6
   c - Hydra Form                     Transmutation                6
   d - Dragon Form                    Transmutation                7
 D - a book of Unlife

   Spells                             Type                      Level
   a - Recall                         Summoning/Translocation      3
   b - Animate Dead                   Necromancy                   4
   c - Control Undead                 Necromancy                   4
   d - Cigotuvi's Embrace             Necromancy                   5
   e - Death Channel                  Necromancy                   6
   f - Simulacrum                     Ice/Necromancy               6
Comestibles
 f - 4 meat rations
 i - 2 chunks of flesh
 l - 4 beef jerkies


   Skills:
 + Level 4.8 Fighting
 * Level 8.0 Short Blades
 - Level 7.0 Crossbows
 + Level 5.6 Dodging
 + Level 4.7 Stealth


You had 7 spell levels left.
You didn't know any spells.

Dungeon Overview and Level Annotations

Branches:
Dungeon (5/15)
 Temple: D:4-7

Altars:
Cheibriados
Nemelex Xobeh
Pakellas
Qazlal
Ru
Trog
Vehumet

Annotations:
D:3 lorenzova's ghost, amateur DECj
D:4 Edmund


Innate Abilities, Weirdness & Mutations

You are small and have problems with some larger weapons.
You are carnivorous and can eat meat at any time.


Message History

You are too injured to fight recklessly!
You are too injured to fight recklessly!
You are too injured to fight recklessly!
You are too injured to fight recklessly!
You are too injured to fight recklessly!
You are too injured to fight recklessly!
You are too injured to fight recklessly!
You are too injured to fight recklessly!
You are too injured to fight recklessly!
You hit Edmund but do no damage.
Edmund is almost dead.
You hit Edmund but do no damage.
Edmund is almost dead.
Edmund hits you with a dire flail.
* * * LOW HITPOINT WARNING * * *
Drink which item? (? for menu, Esc to quit)
It was a potion of might.
You feel very mighty all of a sudden. Edmund hits you with a dire flail!
You die...

################
#..............#
#.?............#
#..............#
#..............#
#..............#
#.........)....#
####(.....@@......#
#######.................#
#.......###..##.........#
.....[.##....############
........#.#.##
..........#.#
.........##.#
.........#..#
......<.#..##


You could see Edmund.

Vanquished Creatures
  Sigmund (D:5)
  Purgy (D:5)
  2 ogres (D:5)
  A centaur (D:5)
  A phantom (D:4)
  A centaur zombie (D:5)
  2 crimson imps (D:5)
  A wasp zombie (D:5)
  3 orc priests
  A centaur skeleton (D:4)
  2 hounds
  An orc wizard (D:5)
  A giant frog skeleton (D:4)
  Natasha (thrice) (D:4)
  2 worker ants
  A killer bee zombie (D:4)
  A hound zombie (D:5)
  4 gnolls (D:5)
  7 adders
  7 worms
  A dart slug (D:2)
  2 giant geckos
  5 orcs
  5 bats
  4 giant cockroaches
  6 goblins
  6 hobgoblins
  7 jackals
  A quokka (D:3)
  A ball python (D:3)
  4 giant newts
  A jackal skeleton (D:4)
  A kobold (D:2)
  A quokka zombie (D:5)
  7 rats
95 creatures vanquished.

Notes
Turn   | Place    | Note
--------------------------------------------------------------
     0 | D:1      | raph the Kobold Hunter began the quest for the Orb.
     0 | D:1      | Reached XP level 1. HP: 12/12 MP: 1/1
   401 | D:1      | Reached skill level 1 in Short Blades
   684 | D:1      | Reached skill level 5 in Crossbows
   714 | D:1      | Reached XP level 2. HP: 17/17 MP: 2/2
  1088 | D:2      | Found a sparkling altar of Nemelex Xobeh.
  1091 | D:2      | Found an oddly glowing altar of Pakellas.
  1094 | D:2      | Found a radiant altar of Vehumet.
  1317 | D:2      | Found a sacrificial altar of Ru.
  1636 | D:2      | Reached XP level 3. HP: 9/22 MP: 3/3
  1948 | D:2      | Reached skill level 2 in Short Blades
  2744 | D:2      | Reached XP level 4. HP: 24/27 MP: 4/4
  3082 | D:3      | Found a snail-covered altar of Cheibriados.
  3376 | D:3      | Noticed lorenzova's ghost (amateur DECj)
  3432 | D:3      | Found a stormy altar of Qazlal.
  3942 | D:3      | Reached skill level 3 in Short Blades
  4062 | D:3      | Reached XP level 5. HP: 12/31 MP: 5/5
  4590 | D:4      | Noticed a phantom
  4609 | D:4      | Killed a phantom
  4609 | D:4      | Reached skill level 4 in Short Blades
  4609 | D:4      | Reached XP level 6. HP: 29/37 MP: 6/6
  4610 | D:4      | Noticed Natasha
  4610 | D:4      | Noticed Purgy
  4991 | D:4      | Killed Natasha
  5025 | D:4      | HP: 1/37 [Purgy (4)]
  5095 | D:4      | Noticed Natasha
  5098 | D:4      | Killed Natasha
  5145 | D:4      | Noticed Natasha
  5146 | D:4      | Killed Natasha
  5146 | D:4      | Reached XP level 7. HP: 18/41 MP: 7/7
  5361 | D:4      | HP: 2/41 [killer bee zombie (4)]
  5362 | D:5      | Entered Level 5 of the Dungeon
  5748 | D:5      | Reached skill level 5 in Short Blades
  5786 | D:5      | Noticed Sigmund
  5799 | D:5      | Killed Sigmund
  6287 | D:5      | Reached skill level 6 in Short Blades
  6287 | D:5      | Reached XP level 8. HP: 42/48 MP: 8/8
  6359 | D:5      | Killed Purgy
  6492 | D:5      | Got a crude cloak
  6503 | D:5      | Identified the +3 cloak of Minor Irritation {Regen+} (You found it on level 5 of the Dungeon)
  6740 | D:5      | Reached skill level 7 in Short Blades
  6741 | D:5      | Reached skill level 5 in Dodging
  6935 | D:5      | Found a bloodstained altar of Trog.
  7483 | D:4      | Noticed Edmund
  7499 | D:4      | Reached skill level 8 in Short Blades
  7616 | D:4      | Slain by Edmund

Skill      XL: |  1  2  3  4  5  6  7  8 |
---------------+-------------------------+-----
Short Blades   | 1 2 3 4 6 8 |  8.0
Crossbows      | 5 6 7 |  7.0
Dodging        | 3 4 5 |  5.6
Fighting       | 3 4 |  4.8
Stealth        | 3 4 |  4.7

Action                   |  1- 3 |  4- 6 |  7- 9 || total
-------------------------+-------+-------+-------++-------
Melee: Short sword       |   116 |   165 |   195 ||   476
       Dagger            |       |       |   208 ||   208
 Fire: Hand crossbow     |     9 |    37 |    32 ||    78
Evoke: Wand              |       |       |     3 ||     3
  Use: Scroll            |     9 |     4 |     5 ||    18
       Potion            |       |     5 |     2 ||     7
 Stab: Sleeping          |     1 |     5 |     3 ||     9
       Distracted        |       |       |     2 ||     2
  Eat: Chunk             |    13 |     8 |     8 ||    29
Armor: Robe              |    17 |    21 |    47 ||    85
Dodge: Dodged            |    91 |   150 |   254 ||   495
